 Dungeon Crawl Stone Soup version 0.26-a0-651-gb41185065b (webtiles) character file.

Game seed: 14666806023709334649

205865 gbos the Spry (level 18, -12/165 HPs)
             Began as a Deep Dwarf Earth Elementalist on Oct 9, 2020.
             Was a High Priest of Makhleb.
             Killed by the air
             ... invoked by a wind drake
              (18 damage)
             ... on level 3 of the Shoals.
             The game lasted 04:15:01 (74405 turns).

gbos the Spry (Deep Dwarf Earth Elementalist)      Turns: 74405, Time: 04:15:01

Health: -12/165    AC: 10    Str: 11    XL:     18   Next: 5%
Magic:  3/34 (25)  EV: 26    Int: 26    God:    Makhleb [*****.]
Gold:   1611       SH:  9    Dex: 13    Spells: 30/45 levels left

rFire    + . .     SeeInvis .   H - +1 dagger of Fortitude {freeze, MR+ MP+9 Int-2}
rCold    + . .     Faith    .   d - +3 warlock's mirror {reflect}
rNeg     + . .     Spirit   .   e - +2 robe {MR+}
rPois    .         Reflect  +   b - +1 helmet {Int+3}
rElec    .         Harm     .   r - scarf {rC+ rF+}
rCorr    +         Rampage  .   I - +1 pair of gloves
MR       ++++.                  R - +1 pair of boots
Stlth    +.........             s - amulet of the acrobat
HPRegen  0.00/turn              O - ring of resist corrosion
MPRegen  0.24/turn              Q - +4 ring of evasion

@: lethally poisoned (-12 -> -12), non-regenerating, very slow
A: damage resistance, heal wounds, negative energy resistance 1, sense
surroundings 3, no regeneration
}: 1/15 runes: serpentine
a: Heal Wounds, Minor Destruction, Lesser Servant of Makhleb, Major Destruction,
Greater Servant of Makhleb, Renounce Religion


You were on level 3 of the Shoals.
You worshipped Makhleb.
Makhleb was extremely pleased with you.
You visited 6 branches of the dungeon, and saw 32 of its levels.
You also visited: Ossuary.

You collected 2854 gold pieces.
You spent 1243 gold pieces at shops.


Innate Abilities, Weirdness & Mutations

You are resistant to damage.
You can heal yourself by infusing magical energy.
You resist negative energy. (rN+)
You passively map a large area around you.
You do not regenerate.


   Skills:
 + Level 11.3 Fighting
   Level 2.0 Axes
 - Level 4.0 Armour
 - Level 16.5 Dodging
 - Level 2.4 Stealth
 - Level 9.0 Shields
 + Level 14.0 Spellcasting
 + Level 10.6 Conjurations
 - Level 2.0 Transmutations
 - Level 14.0 Earth Magic
 + Level 14.9 Invocations


You had 30 spell levels left.
You knew the following spells:

 Your Spells              Type           Power        Failure   Level
c - Petrify               Tmut/Erth      ######..     1%          4
x - Stone Arrow           Conj/Erth      ######       1%          3
z - Sandblast             Erth           ######       0%          1
N - Passwall              Tmut/Erth      ######..     1%          2
X - Lee's Rapid Deconstr  Erth           ######....   1%          5

Your spell library contained the following spells:

 Spells                   Type           Power        Failure   Level
 Foxfire                  Conj/Fire      ####         1%          1
 Shock                    Conj/Air       ####         1%          1
 Conjure Flame            Conj/Fire      #####...     1%          3
 Dazzling Flash           Conj/Hex       #####.       1%          3
 Static Discharge         Conj/Air       #####...     1%          3
 Leda's Liquefaction      Hex/Erth       ######....   1%          4
 Corona                   Hex            ###....      3%          1
 Freeze                   Ice            ###.         3%          1
 Hailstorm                Conj/Ice       #####...     3%          4
 Sticky Flame             Conj/Fire      #####...     3%          4
 Ensorcelled Hibernation  Hex/Ice        ###...       4%          2
 Slow                     Hex            ###.....     4%          2
 Swiftness                Air            ###.....     4%          2
 Confusing Touch          Hex            ###.....     9%          3
 Frozen Ramparts          Ice            ###...       9%          3
 Gell's Gravitas          Tloc           ###.......   9%          3
 Inner Flame              Hex/Fire       ###.....     9%          3
 Ozocubu's Armour         Ice            ###.....     9%          3
 Portal Projectile        Hex/Tloc       ###...       9%          3
 Tukima's Dance           Hex            ###.....     9%          3
 Fireball                 Conj/Fire      #####.....   10%         5
 Lightning Bolt           Conj/Air       #####.....   10%         5
 Airstrike                Air            ###.......   30%         4
 Cause Fear               Hex            ###.......   30%         4
 Summon Ice Beast         Ice/Summ       ###.....     30%         4
 Yara's Violent Unravell  Hex/Tmut       ###.......   50%         5
 Metabolic Englaciation   Hex/Ice        ###.......   63%         5

Inventory:

Hand Weapons
 f - the +7 short sword "Puunisee" {chaos, rF+++ rC- SInv} Each time it hits an enemy it has a different, random effect. It renders you almost immune to fire. It makes you vulnerable to cold. It lets you see invisible.
 j - a +2 demon trident of electrocution
 H - the +1 dagger of Fortitude (weapon) {freeze, MR+ MP+9 Int-2}

   It has been specially enchanted to freeze those struck by it, causing extra
   injury to most foes and up to half again as much damage against particularly
   susceptible opponents.
   It can also slow down cold-blooded creatures.
   It affects your intelligence (-2).
   It affects your resistance to hostile enchantments.
   It affects your magic capacity (+9).
Armour
 b - a +1 helmet of intelligence (worn)
 d - the +3 warlock's mirror (worn) {reflect}
 e - a +2 robe of magic resistance (worn)
 r - a scarf of resistance (worn)
 I - a +1 pair of gloves (worn)
 J - a +2 robe of the Archmagi
 K - a +4 ring mail of cold resistance
 R - a +1 pair of boots (worn)
 X - the +3 scale mail of Giydu {rF+}

   It protects you from fire.
Magical Staves
 Z - an uncursed staff of fire
Jewellery
 n - an uncursed ring of protection from fire
 p - an uncursed ring of poison resistance
 s - an amulet of the acrobat (around neck)
 G - the ring "Nearofyi" {Str+4 Int+6}

   [ring of intelligence]

   It affects your strength (+4).
   It affects your intelligence (+6).
 O - a ring of resist corrosion (left hand)
 Q - a +4 ring of evasion (right hand)
 W - a +4 ring of evasion
 Y - the ring "Japh" {Wiz rElec Int+6}

   [ring of wizardry]

   It improves your spell success rate.
   It affects your intelligence (+6).
   It insulates you from electricity.
Wands
 c - a wand of iceblast (24)
 h - a wand of flame (43)
 w - a wand of polymorph (10)
 E - a wand of paralysis (8)
 F - a wand of acid (7)
 P - a wand of digging (8)
 U - a wand of enslavement (8)
Scrolls
 g - 6 scrolls of magic mapping
 i - 7 scrolls of remove curse
 l - a scroll of silence {!r}
 m - 11 scrolls of identify {@r1}
 o - a scroll of fear
 q - 13 scrolls of teleportation {@r4}
 t - 7 scrolls of enchant weapon
 y - 5 scrolls of fog
 M - a scroll of amnesia
 T - 2 scrolls of immolation {!r}
 V - 2 scrolls of blinking
Potions
 a - 12 potions of curing {@q1}
 k - 6 potions of lignification {!q}
 u - 2 potions of cancellation
 v - 3 potions of berserk rage {!q}
 z - 6 potions of stabbing
 A - 2 potions of haste {@q3}
 B - 2 potions of resistance
 C - 4 potions of flight
 D - 2 potions of brilliance
 N - 3 potions of might
 S - 2 potions of magic

Dungeon Overview and Level Annotations

Branches:
Dungeon (15/15)            Temple (1/1) D:5            Lair (6/6) D:8
 Shoals (4/4) Lair:4        Snake (4/4) Lair:3        Slime (0/5) Lair:6
    Orc (2/2) D:9             Elf (0/3) Orc:2        Vaults (0/5) D:13
 Depths (0/5) D:15        Ossuary (visited)

Altars:
Ashenzari
Cheibriados
Dithmenos
Elyvilon
Fedhas
Gozag
Hepliaklqana
Kikubaaqudgha
Makhleb
Nemelex Xobeh
Okawaru
Qazlal
Ru
Sif Muna
Trog
Uskayaw
Vehumet
Wu Jian
Xom
Yredelemnul
Zin
The Shining One
Beogh

Shops:
D:5 [(   D:7 *   D:8 }   Orc:1 [   Orc:2 !?[(   Lair:3 }   Snake:1 }
Snake:3 }

Portals:
Trove: D:11 (give horn of Geryon)

Annotations:
D:7 1 runed translucent door, exclusion: door, Crazy Yiuf
D:8 Harold
D:10 2 transporters, Lanoc's ghost, novice DsEE
D:12 3 runed translucent doors, exclusion: 3 doors
D:14 2 transporters, Lugonue's ghost, journeyman DgEE
Lair:1 exclusion: 3 oklob plants
Lair:4 exclusion: oklob plant
Lair:5 exclusion: oklob plant
Snake:2 exclusions: lava snake and 2 more exclusions

≈ ░ ≈ ≈ ≈ ≈ ≈≈ ,
▒≈≈≈≈≈≈≈≈≈≈≈ ..
▒▒▒▒m≈≈≈≈≈≈≈≈≈≈ ≈≈ ≈ ≈...
▒▒▒..≈≈≈≈≈≈≈≈≈≈≈≈ ≈ ≈
≈≈≈..▒▒▒.......≈≈≈≈≈≈≈≈≈≈
≈≈≈ ≈≈
≈............≈≈≈≈≈≈≈≈≈≈≈
≈ ≈ .≈.....
▒....≈≈≈≈≈≈≈≈≈ ≈
..P≈...▒▒▒...≈≈≈≈≈≈≈≈≈≈ ≈
....≈≈≈.....lg≈≈≈≈≈≈≈≈
░▒..≈≈≈..>..≈≈≈≈≈≈≈≈≈≈ ,
░▒▒.≈≈≈.(..≈≈≈≈≈≈≈≈≈≈≈ ≈≈
, ....≈≈≈≈?≈≈≈≈≈≈≈≈≈≈≈≈≈
≈ ,
....≈≈≈.<≈≈≈≈≈≈≈≈≈≈≈≈≈ ≈
,≈.≈≈≈≈..≈≈≈≈≈≈≈≈≈≈≈≈≈≈≈
.≈≈≈≈≈≈≈≈≈≈≈≈≈≈≈≈≈≈≈≈≈ ≈
≈≈≈≈≈≈≈≈≈≈≈≈≈≈≈≈≈≈≈≈≈≈ ≈≈
≈ ≈≈≈≈≈≈≈≈≈≈≈≈≈≈≈≈≈≈≈≈≈≈≈
≈


You could see a wind drake (repels missiles) and a water nymph.


Message History

Aim: a wind drake (heavily wounded, repelling missiles, catching its breath)
The stone arrow misses the wind drake.
The wind drake flaps its wings at you. The air twists around and strikes you!!
* * * LOW HITPOINT WARNING * * *
Aiming: Stone Arrow (safe; 1% risk of failure)
Aim: a wind drake (heavily wounded, repelling missiles, catching its breath)
The stone arrow hits the wind drake!
The wind drake is severely wounded.
The wind drake flaps its wings at you. The air twists around and strikes you!
* * * LOW HITPOINT WARNING * * *
Aiming: Stone Arrow (safe; 1% risk of failure)
Aim: a wind drake (severely wounded, repelling missiles)
The stone arrow misses the wind drake.
The wind drake exhales a fierce blast of wind!
You are blown backwards!
You violently stop moving!
A water nymph comes into view.
You don't have enough magic to cast that spell.
The water nymph shouts!
The wind drake bites you.
* * * LOW HITPOINT WARNING * * *
The water nymph casts a spell at you. The water swirls and strikes you!!
* * * LOW HITPOINT WARNING * * *
Your unstable footing causes you to fumble your attack.
The wind drake flaps its wings at you. The air twists around and strikes you!!
You die...

Action                   |  1- 3 |  4- 6 |  7- 9 | 10-12 | 13-15 | 16-18 || total
-------------------------+-------+-------+-------+-------+-------+-------++-------
Melee: Unarmed           |     8 |       |       |       |       |       ||     8
       Hand axe          |    47 |    58 |   186 |    60 |    36 |       ||   387
       Dagger            |    10 |       |       |       |       |    44 ||    54
       Staff             |       |       |       |       |   106 |       ||   106
       Short sword       |       |       |       |       |   243 |   274 ||   517
 Cast: Sandblast         |    17 |    36 |    98 |   242 |   119 |     7 ||   519
       Passwall          |       |     1 |     4 |    11 |    22 |    22 ||    60
       Stone Arrow       |       |       |    58 |   176 |   912 |   662 ||  1808
       Lee's Rapid Decon |       |       |    11 |    18 |   182 |   203 ||   414
       Petrify           |       |       |       |       |    13 |    18 ||    31
Invok: Lesser Servant of |       |       |       |     4 |    17 |     8 ||    29
       Minor Destruction |       |       |       |       |    11 |       ||    11
       Greater Servant o |       |       |       |       |     2 |     6 ||     8
 Abil: Heal Wounds       |       |     4 |       |       |       |    19 ||    23
Evoke: Wand              |       |       |     5 |       |     5 |       ||    10
  Use: Potion            |       |     5 |     4 |     2 |     8 |    10 ||    29
       Scroll            |       |     2 |    11 |    10 |    18 |    10 ||    51
 Stab: Sleeping          |     4 |     1 |     5 |     1 |     1 |       ||    12
       Petrified         |       |       |       |       |     3 |     5 ||     8
       Distracted        |       |       |       |       |     2 |     1 ||     3
       Confused          |       |       |       |       |     1 |     2 ||     3
       Paralysed         |       |       |       |       |     1 |       ||     1
Armor: Robe              |    21 |     2 |    25 |       |       |    24 ||    72
       Leather armour    |       |       |       |    43 |    52 |       ||    95
       Ring mail         |       |       |       |       |   137 |   129 ||   266
Dodge: Dodged            |    48 |    48 |   233 |   295 |  1048 |   893 ||  2565
Block: Buckler           |     9 |    14 |    79 |    88 |   391 |   505 ||  1086
       Reflection        |       |       |       |       |    10 |   109 ||   119

Levels and vault maps discovered:
D:1:      grunt_arrival_crossed_arrows, layout_loops_ring,
          okawaru_ov_weapons_minmay
D:2:      layout_basic, minivault_14, chequers_serial_rivers_micro_e,
          minmay_misc_feat_tiny, trog_butcher_becter
D:3:      layout_loops_ring, uniq_natasha
D:4:      layout_basic, minmay_gold_behind_fungi, uniq_robin
D:5:      kennysheep_windowed_halls, layout_gridville, kennysheep_mini,
          minmay_temple_entry_butterflies, serial_shops,
          nicolae_shop_temple_entry_statues_fountains,
          nicolae_shop_competitors_out_of_business
D:6:      layout_loops_ring, enter_ossuary_5, uniq_duvessa
D:7:      layout_cave_pools, serial_park, serial_park_square2, serial_park_paths
          [serial_park_minivault_5x5_2], serial_park_tiny_pond,
          serial_park_tiny_2, serial_park_square3 [serial_park_minivault_5x5_8],
          chequers_serial_rivers_micro_b, nicolae_elemental_shop,
          uniq_crazy_yiuf_cottage
D:8:      layout_basic, minmay_lair_entry_grove, serial_shops, shop, uniq_harold
D:9:      layout_basic, erik_orc_1
D:10:     layout_loops_corners, gammafunk_ghost_hive, uniq_psyche, uniq_grum,
          uniq_erolcha
D:11:     layout_rooms, nicolae_trove_entry_free_sample, basic_altar
D:12:     layout_gridville, ploomutoo_gammafunk_ghost_potion_laboratory,
          minivault_5
D:13:     minmay_distorted_concentric_squares, layout_basic, david_vaults_3,
          kennysheep_path_1, uniq_jorgrun
D:14:     layout_stronghold, gammafunk_ghost_wrathful_warriors,
          serial_bayou_shore_b, chequers_serial_rivers_micro_d, uniq_frances
D:15:     gammafunk_depths_entry_grave, layout_basic, grunt_decor_mini_mirrors
Temple:   roderic_octagonal_lattice_temple
Lair:1:   layout_chaotic_city, serial_forest, infiniplex_forest_lined_3,
          infiniplex_forest_end_3, infiniplex_forest_zigzag_2,
          infiniplex_forest_straight_4, lemuel_fruit_tree,
          minmay_lair_oklob_chamber
Lair:2:   layout_regular_city, uniq_sonja
Lair:3:   layout_layer_cave, minmay_snake_entry_six_corridors
Lair:4:   layout_misc_corridors, elwin_shoals_entry_rooms, grunt_megastairs_2
Lair:5:   layout_long_grid, portal_ice_cave_demonic_guard,
          minmay_lair_oklob_items
Lair:6:   minmay_lair_end_enchanted_forest, layout_long_grid,
          nicolae_slime_entry_slimehenge, grunt_forest_large_clearings
Shoals:1: layout_shoals, serial_shops, nicolae_shop_crystal,
          nicolae_shoals_this_corrosion
Shoals:2: layout_shoals
Shoals:3: layout_shoals
Shoals:4: shoals_end_grunt_garden, layout_shoals
Snake:1:  nicolae_snake_hallway, layout_onion, serial_shops, shop,
          grunt_megastairs_3
Snake:2:  layout_basic, nicolae_snake_lava_pool
Snake:3:  layout_misc_corridors, serial_shops, nicolae_shop_waterfront,
          minmay_snake_pond
Snake:4:  minmay_snake_end_coiled, layout_chambers, basic_altar
Orc:1:    layout_caves, serial_shops, nicolae_shop_crystal
Orc:2:    pubby_orc_utopia, uniq_saint_roka

Notes
Turn   | Place    | Note
-------+----------+-------------------------------------------
     0 | D:1      | gbos the Deep Dwarf Earth Elementalist began the quest for
                  | the Orb.
     0 | D:1      | Reached XP level 1. HP: 15/15 MP: 3/3
    79 | D:1      | Reached XP level 2. HP: 22/22 MP: 0/4
   269 | D:1      | Found an iron altar of Okawaru.
   324 | D:1      | Reached skill level 1 in Shields
   493 | D:1      | Reached XP level 3. HP: 15/28 MP: 5/5
   802 | D:2      | Reached skill level 5 in Earth Magic
  1018 | D:4      | Reached skill level 2 in Shields
  1018 | D:4      | Reached XP level 4. HP: 15/36 MP: 1/6
  1099 | D:4      | Noticed an ogre
  1112 | D:4      | Noticed an ogre
  1430 | D:5      | Entered Level 5 of the Dungeon
  1444 | D:5      | Found a staircase to the Ecumenical Temple.
  1462 | Temple   | Entered the Ecumenical Temple
  1643 | Temple   | Became a worshipper of Makhleb the Destroyer
  1731 | D:5      | Noticed a phantom
  1863 | D:5      | Killed a phantom
  1863 | D:5      | Reached skill level 3 in Shields
  1863 | D:5      | Reached skill level 6 in Earth Magic
  1863 | D:5      | Reached XP level 5. HP: 20/42 MP: 0/7
  2019 | D:5      | Noticed a sky beast
  2111 | D:5      | Found Semnin Xium's Armour Shoppe.
  2204 | D:5      | Learned a level 2 spell: Passwall
  2311 | D:5      | Noticed a phantom
  2321 | D:5      | Killed a phantom
  2321 | D:5      | Reached skill level 4 in Shields
  2321 | D:5      | Reached skill level 7 in Earth Magic
  2321 | D:5      | Reached XP level 6. HP: 17/49 MP: 1/8
  2362 | D:5      | Noticed an ice beast
  2421 | D:5      | Learned a level 3 spell: Stone Arrow
  2492 | D:5      | Killed an ice beast
  2492 | D:5      | Reached skill level 3 in Dodging
  2492 | D:5      | Reached skill level 1 in Conjurations
  2592 | D:5      | Found Ijadd's Antique Weapon Boutique.
  2753 | D:5      | Identified +1 pearl dragon scales
  2780 | D:5      | Reached skill level 2 in Conjurations
  2780 | D:5      | Reached skill level 8 in Earth Magic
  2780 | D:5      | Reached XP level 7. HP: 31/55 MP: 8/8
  3028 | D:4      | Reached skill level 4 in Dodging
  3206 | D:3      | Noticed Natasha
  3272 | D:3      | Killed Natasha
  3273 | D:3      | Reached * piety under Makhleb
  3336 | D:3      | Noticed Natasha
  3345 | D:3      | Killed Natasha
  3758 | D:3      | Noticed Natasha
  3763 | D:3      | Killed Natasha
  3881 | D:3      | Identified a potion of experience
  3881 | D:3      | Reached skill level 9 in Dodging
  3881 | D:3      | Reached skill level 7 in Conjurations
  3881 | D:3      | Reached skill level 12 in Earth Magic
  3881 | D:3      | Reached XP level 8. HP: 31/62 MP: 9/9
  4314 | D:4      | Noticed Robin
  4480 | D:4      | Killed Robin
  4483 | D:4      | Reached ** piety under Makhleb
  4633 | D:4      | Reached skill level 1 in Invocations
  4827 | D:2      | Found a bloodstained altar of Trog.
  5268 | D:5      | Reached skill level 2 in Spellcasting
  5432 | D:5      | Reached skill level 1 in Fighting
  5751 | D:5      | Learned a level 5 spell: Lee's Rapid Deconstruction
  6018 | D:5      | Gained mutation: You passively map the area around you.
                  | [Deep Dwarf growth]
  6018 | D:5      | Reached XP level 9. HP: 40/70 MP: 7/11
  6155 | D:5      | Reached skill level 2 in Invocations
  6483 | D:5      | Found a blossoming altar of Fedhas.
  6629 | D:6      | Noticed Dowan
  6636 | D:6      | Killed Dowan
  6639 | D:6      | Noticed Duvessa
  6670 | D:6      | Killed Duvessa
  6670 | D:6      | Reached skill level 2 in Fighting
  6670 | D:6      | Reached skill level 3 in Invocations
  6709 | D:6      | Found a sand-covered staircase.
  6718 | Ossuary  | Entered an ossuary
  7150 | Ossuary  | Identified 2 potions of resistance
  7174 | D:6      | Reached *** piety under Makhleb
  8056 | D:7      | Reached skill level 3 in Spellcasting
  8661 | D:7      | Reached skill level 4 in Invocations
  9452 | D:7      | Found Bumaeluwo's Elemental Accessories.
  9565 | D:5      | Bought a blackened executioner's axe for 345 gold pieces
  9570 | D:5      | Identified the +11 executioner's axe of Pestilence {freeze,
                  | rC- rN+ Str+2 Dex+3} (You bought it in a shop on level 5 of
                  | the Dungeon)
  9672 | D:5      | Bought a +0 cloak for 58 gold pieces
  9672 | D:5      | Bought a +0 pair of gloves for 58 gold pieces
  9980 | D:7      | Found a runed translucent door.
  9981 | D:7      | Noticed Crazy Yiuf
 10172 | D:8      | Reached skill level 4 in Spellcasting
 10361 | D:8      | Reached XP level 10. HP: 82/82 MP: 11/15
 10652 | D:8      | Reached **** piety under Makhleb
 10832 | D:8      | Found Sutelom's Gadget Shop.
 11161 | D:8      | Reached skill level 10 in Dodging
 11161 | D:8      | Reached skill level 5 in Spellcasting
 11511 | D:8      | Noticed Harold
 11637 | D:8      | Found a staircase to the Lair.
 12057 | Lair:1   | Entered Level 1 of the Lair of Beasts
 12183 | Lair:1   | Noticed a four-headed hydra
 12189 | Lair:1   | Killed a four-headed hydra
 12615 | Lair:1   | Noticed an oklob plant
 12632 | Lair:1   | Noticed an oklob plant
 12636 | Lair:1   | Noticed an oklob plant
 12782 | Lair:1   | Noticed a cane toad
 12785 | Lair:1   | Killed a cane toad
 12785 | Lair:1   | Reached skill level 6 in Spellcasting
 12785 | Lair:1   | Reached XP level 11. HP: 88/88 MP: 8/19
 13417 | Lair:2   | Noticed a death yak
 13439 | Lair:2   | Noticed a death yak
 13439 | Lair:2   | Noticed a death yak
 13439 | Lair:2   | Noticed a death yak
 13439 | Lair:2   | Noticed a death yak
 13496 | Lair:2   | Noticed Sonja
 13548 | Lair:1   | Killed a death yak
 13548 | Lair:1   | Reached skill level 11 in Dodging
 13759 | Lair:1   | Killed a death yak
 13846 | Lair:1   | Killed a death yak
 14072 | Lair:2   | Reached skill level 7 in Spellcasting
 14404 | Lair:2   | Killed Sonja
 14492 | Lair:2   | Reached skill level 12 in Dodging
 14809 | Lair:2   | Reached skill level 3 in Fighting
 15111 | Lair:2   | Reached skill level 5 in Invocations
 15757 | Lair:2   | Killed a death yak
 15757 | Lair:2   | Reached skill level 8 in Spellcasting
 15763 | Lair:2   | Killed a death yak
 15763 | Lair:2   | Reached skill level 4 in Fighting
 15763 | Lair:2   | Reached skill level 6 in Invocations
 16042 | Lair:2   | Reached XP level 12. HP: 76/99 MP: 16/23
 16975 | Lair:3   | Reached skill level 7 in Invocations
 17113 | Lair:3   | Reached skill level 5 in Fighting
 17151 | Lair:3   | Reached ***** piety under Makhleb
 17168 | Lair:3   | Found a staircase to the Snake Pit.
 17762 | Lair:3   | Reached skill level 8 in Invocations
 18249 | Lair:4   | Noticed an eight-headed hydra
 18287 | Lair:3   | Reached skill level 9 in Spellcasting
 18399 | Lair:3   | Reached skill level 6 in Fighting
 18525 | Snake:1  | Entered Level 1 of the Snake Pit
 18525 | Snake:1  | Found Diraza Inoept's Gadget Emporium.
 19281 | Lair:4   | Found a staircase to the Shoals.
 19604 | Lair:4   | HP: 10/106 [eight-headed hydra (2)]
 20202 | Lair:5   | Found a frozen archway.
 20465 | Lair:5   | Reached skill level 8 in Conjurations
 21024 | Lair:5   | Reached XP level 13. HP: 62/114 MP: 8/25
 21200 | Lair:5   | Reached skill level 7 in Fighting
 22127 | Lair:6   | Entered Level 6 of the Lair of Beasts
 22604 | Lair:6   | HP: 7/115 [wolf (6)]
 22731 | Lair:5   | Reached skill level 10 in Spellcasting
 23016 | Lair:5   | Learned a level 4 spell: Petrify
 23441 | Lair:6   | Found a staircase to the Slime Pits.
 23460 | Lair:6   | Reached skill level 1 in Transmutations
 24159 | Lair:6   | Got a bound marble ring
 24402 | Lair:6   | Reached skill level 8 in Fighting
 24405 | Lair:6   | Reached skill level 2 in Transmutations
 25818 | Lair:6   | Identified the ring "Japh" {Wiz rElec Int+6} (You found it
                  | on level 6 of the Lair of Beasts)
 26235 | Lair:6   | Identified a +2 robe of the Archmagi
 27011 | Lair:6   | Got a twisted robe
 27022 | Lair:6   | Identified the +1 robe of Heliumpa {Str-4 Dex+4} (You found
                  | it on level 6 of the Lair of Beasts)
 27781 | D:9      | Reached skill level 9 in Conjurations
 28937 | D:9      | Reached ****** piety under Makhleb
 29143 | D:9      | Found a staircase to the Orcish Mines.
 29324 | D:10     | Entered Level 10 of the Dungeon
 29324 | D:10     | Noticed Psyche
 29458 | D:10     | Noticed Erolcha
 29463 | D:10     | Killed Erolcha
 29785 | D:10     | Killed Psyche
 29880 | D:10     | Gained mutation: You resist negative energy. (rN+) [Deep
                  | Dwarf growth]
 29880 | D:10     | Reached XP level 14. HP: 127/127 MP: 15/27
 29948 | D:10     | Found a transporter.
 29950 | D:10     | Found a transporter.
 30022 | D:10     | Got a transparent golden ring
 30025 | D:10     | Identified the ring "Peklur" {Ice rElec Str+2} (You found
                  | it on level 10 of the Dungeon)
 30028 | D:10     | Noticed Lanoc's ghost (novice DsEE)
 30505 | D:10     | Noticed Grum
 30512 | D:10     | Killed Grum
 30774 | D:10     | Identified a +2 robe of the Archmagi
 32139 | D:11     | Reached skill level 13 in Dodging
 33060 | D:11     | Found a portal to a secret trove of treasure.
 33105 | D:11     | Found a snail-covered altar of Cheibriados.
 33553 | D:11     | Reached skill level 9 in Fighting
 33691 | D:12     | Reached skill level 9 in Invocations
 33724 | D:12     | Noticed a purple very ugly thing
 33735 | D:12     | Found a runed translucent gate.
 33735 | D:12     | Found a runed translucent gate.
 33735 | D:12     | Found a runed translucent gate.
 33735 | D:12     | Noticed a green very ugly thing
 36119 | Orc:1    | Entered Level 1 of the Orcish Mines
 36130 | Orc:1    | Found Cootaussa's Antique Armour Emporium.
 36345 | Orc:1    | Bought a dazzling scale mail for 306 gold pieces
 36355 | Orc:1    | Identified the +3 scale mail of Giydu {rF+} (You bought it
                  | in a shop on level 1 of the Orcish Mines)
 36638 | Orc:1    | Noticed an orc warlord
 37282 | Orc:1    | Reached skill level 11 in Spellcasting
 37556 | Orc:1    | Killed an orc warlord
 37955 | Orc:2    | Entered Level 2 of the Orcish Mines
 38674 | Orc:2    | Reached skill level 1 in Armour
 38862 | Orc:2    | Reached skill level 2 in Armour
 39396 | Orc:2    | Reached skill level 3 in Armour
 39647 | Orc:2    | Found a roughly hewn altar of Beogh.
 39750 | Orc:2    | Reached skill level 4 in Armour
 39875 | Orc:2    | Reached skill level 13 in Earth Magic
 40110 | Orc:2    | Reached skill level 1 in Axes
 40281 | Orc:2    | Found Reikusass's Distillery.
 40286 | Orc:2    | Bought a potion of curing for 51 gold pieces
 40291 | Orc:2    | Found Zucwe's Magic Scroll Shoppe.
 40296 | Orc:2    | Bought a scroll of teleportation for 39 gold pieces
 40296 | Orc:2    | Bought a scroll of teleportation for 39 gold pieces
 40296 | Orc:2    | Bought a scroll of identify for 26 gold pieces
 40296 | Orc:2    | Bought a scroll of identify for 26 gold pieces
 40296 | Orc:2    | Bought a scroll of blinking for 97 gold pieces
 40296 | Orc:2    | Bought a scroll of identify for 26 gold pieces
 40839 | Orc:2    | Noticed Saint Roka
 40848 | Orc:2    | Killed Saint Roka
 40848 | Orc:2    | Reached skill level 10 in Invocations
 40855 | Orc:2    | Reached skill level 2 in Axes
 41377 | Orc:2    | Noticed an orc warlord
 41720 | Orc:2    | Identified the +7 short sword "Puunisee" {chaos, rF+++ rC-
                  | SInv}
 42116 | Orc:2    | Found a staircase to the Elven Halls.
 42173 | Orc:2    | Reached skill level 5 in Shields
 42392 | Orc:2    | Killed an orc warlord
 42791 | Orc:2    | Found a roughly hewn altar of Beogh.
 42794 | Orc:2    | Reached XP level 15. HP: 109/136 MP: 19/29
 43378 | Orc:2    | Found Nedaczad's Weapon Shoppe.
 43567 | Orc:2    | Reached skill level 6 in Shields
 43567 | Orc:2    | Reached skill level 11 in Invocations
 43674 | Orc:2    | Found Tisafirph's Armour Emporium.
 43712 | Orc:2    | Bought a +0 helmet of intelligence for 172 gold pieces
 44287 | D:13     | Found a gate to the Vaults.
 44287 | D:13     | Noticed Urug
 44287 | D:13     | Noticed Jorgrun
 44366 | D:13     | Killed Jorgrun
 45139 | D:13     | Reached skill level 7 in Shields
 45297 | D:13     | Killed Urug
 45636 | D:13     | Reached skill level 12 in Invocations
 46691 | D:13     | Reached skill level 8 in Shields
 47897 | D:14     | Noticed Frances
 47905 | D:14     | Killed Frances
 48077 | D:14     | Reached skill level 13 in Invocations
 48305 | D:14     | Reached skill level 9 in Shields
 48640 | D:14     | Noticed Lugonue's ghost (journeyman DgEE)
 48640 | D:14     | Identified the +4 scimitar of Change {vorpal, MP+9 Str+4
                  | Int+4 Dex-3}
 48646 | D:14     | Found a bloodstained altar of Trog.
 48647 | D:14     | Identified the +5 morningstar of Pual Nemm {freeze, rPois
                  | MP+9}
 48702 | D:14     | Found a transporter.
 48714 | D:14     | Found a transporter.
 48888 | D:14     | Found the +3 warlock's mirror {reflect}
 49688 | D:15     | Entered Level 15 of the Dungeon
 49978 | D:15     | Reached skill level 14 in Invocations
 50226 | D:15     | Found a staircase to the Depths.
 51990 | Snake:1  | Reached skill level 14 in Dodging
 52131 | Snake:1  | Reached XP level 16. HP: 128/144 MP: 12/30
 54150 | Snake:1  | Reached skill level 12 in Spellcasting
 54561 | Snake:1  | Identified a scroll of acquirement
 54561 | Snake:1  | Acquired a scarf of resistance
 55760 | Snake:2  | Reached skill level 15 in Dodging
 58468 | Snake:2  | HP: 12/144 [naga sharpshooter/bolt (20)]
 58971 | Snake:3  | Reached skill level 13 in Spellcasting
 59870 | Snake:3  | Found Soeclag's Gadget Shop.
 60082 | Snake:3  | Reached skill level 16 in Dodging
 60594 | Snake:3  | Reached XP level 17. HP: 144/152 MP: 5/32
 60954 | Snake:4  | Entered Level 4 of the Snake Pit
 61817 | Snake:4  | Reached skill level 10 in Fighting
 63797 | Snake:4  | Found a sparkling altar of Nemelex Xobeh.
 66003 | Snake:4  | Reached skill level 14 in Earth Magic
 66411 | Snake:4  | Reached skill level 10 in Conjurations
 67314 | Snake:4  | Got a serpentine rune of Zot
 67670 | D:7      | Got a translucent dagger
 67671 | D:7      | Identified the cursed +1 dagger of Fortitude {freeze, MR+
                  | MP+9 Int-2} (You found it on level 7 of the Dungeon)
 68230 | Shoals:1 | Entered Level 1 of the Shoals
 68503 | Shoals:1 | Identified the ring "Nearofyi" {Str+4 Int+6}
 68575 | Shoals:1 | Reached skill level 11 in Fighting
 70561 | Shoals:1 | Noticed a kraken
 70622 | Shoals:1 | HP: 10/157 [drowned by a water elemental (10)]
 72706 | Shoals:4 | Entered Level 4 of the Shoals
 73596 | Shoals:4 | Gained mutation: You passively map a large area around you.
                  | [Deep Dwarf growth]
 73596 | Shoals:4 | Reached XP level 18. HP: 98/165 MP: 23/24
 73964 | Shoals:3 | Reached skill level 14 in Spellcasting
 74404 | Shoals:3 | HP: 6/165 [water nymph/the raging water (31)]
 74405 | Shoals:3 | Killed from afar by a wind drake

Vanquished Creatures
  Saint Roka (Orc:2)
  Jorgrun (D:13)
  8 nagarajas
  2 orc warlords
  4 merfolk impalers
  A rakshasa (D:14)
  An ogre mage (D:15)
  15 naga warriors
  Erolcha (D:10)
  4 hydras
  A merfolk avatar (Shoals:3)
  5 centaur warriors
  2 merfolk aquamancers
  11 two-headed ogres
  10 anacondas
  4 death yaks
  Urug (D:13)
  4 orc high priests (Orc:2)
  3 satyrs (Shoals:4)
  7 shock serpents
  12 naga sharpshooters
  Sonja (Lair:2)
  A salamander mystic (Snake:4)
  3 unseen horrors
  3 skeletal warriors
  5 sea snakes
  6 naga ritualists
  A phantasmal warrior (D:15)
  4 orc knights
  9 mana vipers
  A necromancer (D:15)
  8 fauns
  4 orc sorcerers
  2 deep elf magi
  A fire giant zombie (D:15)
  3 manticores
  An ugly thing (D:13)
  A cyclops (D:12)
  9 salamanders
  A centaur zombie (D:15)
  10 elephants
  19 naga magi
  5 merfolk sirens
  2 water nymphs (Shoals:4)
  Psyche (D:10)
  A stone giant skeleton (D:15)
  3 guardian serpents
  32 black mambas
  A guardian serpent (shapeshifter) (D:15)
  12 cane toads
  7 komodo dragons
  2 gargoyles
  4 rime drakes
  A freezing wraith (D:14)
  A yaktaur zombie (D:15)
  An ice devil (Lair:5)
  2 kobold demonologists (D:14)
  3 tengu conjurers
  4 hornets
  2 polar bears (Lair:6)
  14 merfolk
  8 trolls
  A harpy skeleton (D:13)
  8 blink frogs
  A wind drake (Shoals:3)
  13 slime creatures
  8 snapping turtles
  3 dream sheep (Lair:6)
  7 hippogriffs
  A centaur simulacrum (D:15)
  A redback (shapeshifter) (D:13)
  11 spriggans (Lair:6)
  7 water elementals
  4 wyverns
  A vampire (D:14)
  2 shadows
  A wraith (D:10)
  Grum (D:10)
  2 basilisks
  35 yaks
  16 humans
  5 vampire mosquitoes
  2 steam dragons
  A soldier ant (D:12)
  Duvessa (D:6)
  An acid dragon (D:14)
  65 nagas
  6 wargs
  8 porcupines
  31 water moccasins
  7 ice beasts
  47 orc warriors
  A swamp drake (D:9)
  5 black bears
  2 phantoms (D:5)
  10 sky beasts
  3 necrophages
  5 boggarts (Lair:6)
  20 ogres
  60 wolves
  13 centaurs
  15 crocodiles
  4 big kobolds
  A wyvern zombie (D:6)
  21 bullfrogs
  A gnoll sergeant (D:7)
  5 scorpions
  A wyvern skeleton (D:12)
  Dowan (D:6)
  23 killer bees
  28 wights
  5 howler monkeys
  4 electric eels
  A quasit (D:10)
  A bullfrog zombie (D:10)
  7 hounds
  2 jellies
  28 orc priests
  2 bullfrog skeletons
  8 centaur skeletons
  31 orc wizards
  2 iguanas
  Natasha (thrice) (D:3)
  10 worker ants
  A big kobold zombie (Ossuary)
  A hound skeleton (D:11)
  8 mummies (Ossuary)
  Robin (D:4)
  8 gnolls
  24 adders
  4 shadow imps
  3 white imps
  6 oozes
  3 ufetubi
  An adder zombie (D:9)
  5 adder skeletons
  A worm (D:3)
  3 dart slugs
  7 leopard geckos
  141 orcs
  4 ball pythons
  7 bats
  5 giant cockroaches
  2 gnoll zombies (Ossuary)
  14 goblins
  9 hobgoblins
  19 jackals
  17 kobolds
  7 quokkas
  3 frilled lizards
  2 hobgoblin zombies (Ossuary)
  3 orc zombies (Ossuary)
  A quokka skeleton (D:6)
  3 quokka zombies
  9 rats
1239 creatures vanquished.

Vanquished Creatures (collateral kills)
  Frances (D:14)
  4 nagarajas (Snake:4)
  2 naga warriors
  A death yak (Lair:2)
  A naga sharpshooter (Snake:4)
  A death drake (shapeshifter) (Snake:4)
  An ugly thing (D:10)
  2 cyclopes
  A manticore (Shoals:3)
  5 elephants (Lair:5)
  An ice devil (Lair:5)
  2 merfolk (Shoals:3)
  A shadow (D:15)
  A deep troll zombie (D:15)
  2 vampire mosquitoes
  A naga (Snake:4)
  3 orc warriors (Orc:2)
  A wolf (Lair:6)
  3 wights (D:15)
  An orc wizard (Orc:1)
  An ooze (Lair:6)
  2 orcs (Orc:2)
  A bush (Lair:5)
39 creatures vanquished.

Vanquished Creatures (others)
  A manticore (Shoals:1)
  A sky beast (D:9)
  2 wolves
  A centaur (D:5)
  A bush (D:8)
  120 fungi
  264 plants
  4 tentacles (Shoals:1)
  3 toadstools (D:4)
  11 withered plants (D:15)
408 creatures vanquished.

Grand Total: 1686 creatures vanquished
